cohdb
Replays
Latest Replays
All Replays
Popular Replays
Top Player Replays
Match Explorer
How It Works
Community
CoH3 Stats
Reddit
Sign in to upload your games and track your stats! →
Sign in with Steam
Match 43583972
Unlisted
Match 43583972
Overview
Messages
Build Orders
End
Construct Infanterie Kompanie
Selects Luftwaffe Battlegroup
Selects Luftwaffe Pioneer Support
Fallschirmpioneer Squad Paradrop
MG 42 Machine Gun Team
Fallschirmpioneer Squad Paradrop
GrW 34 Mortar Team
Construct Panzergrenadier Kompanie
Selects Reconnaissance Run
Selects Fallschirmjäger Squad Paradrop
Fallschirmjäger Squad Paradrop
Infanterie Officer Quarters
Forward Retreat Point
Reconnaissance Run
Medical Bunker
Pak 40 Anti-tank Gun Team
Construct Panzer Kompanie
Reconnaissance Run
Panzer IV Medium Tank
Selects Stuka Loiter
Panzer IV Medium Tank
Panzer Officer Quarters
Side Skirts
Reconnaissance Run
RhumsteaK
King Raptor
[PMT] Ramin
待兼福來
Pubertz
Bold Taste
侠客
しばる
0
0
Comments
sign in to comment!
No comments posted yet!